 Dungeon Crawl Stone Soup version 0.20.1-1-g8b1a95d (webtiles) character file.

36487 Monsterracer the Severer (level 13, -8/122 HPs)
             Began as a Minotaur Assassin on July 5, 2017.
             Was a High Priest of Makhleb.
             Mangled by a spiny frog (14 damage)
             ... on level 6 of the Lair of Beasts.
             The game lasted 00:38:59 (15470 turns).

Monsterracer the Severer (Minotaur Assassin)       Turns: 15470, Time: 00:38:59

Health: -8/122     AC: 22    Str: 18    XL:     13   Next: 53%
Magic:  17/17      EV: 13    Int:  8    God:    Makhleb [*****.]
Gold:   691        SH:  0    Dex: 15    Spells: 12/12 levels left

rFire    . . .     SeeInvis +   a - +4 battleaxe
rCold    . . .     Gourm    .   (shield currently unavailable)
rNeg     . . .     Faith    .   m - +0 plate armour
rPois    +         Spirit   .   (helmet unavailable)
rElec    .         Reflect  .   f - +2 cloak {MR+}
rCorr    .         Harm     .   s - +0 pair of gloves
MR       +....                  r - +0 pair of boots
Stlth    ..........             l - amulet of rage
Regen    0.3/turn               n - ring of poison resistance
MPRegen  0.2/turn               I - ring of see invisible

@: lethally poisoned (-8 -> -8)
A: retaliatory headbutt, horns 3, repulsion field 1, rugged brown scales 1
a: Minor Destruction, Lesser Servant of Makhleb, Major Destruction, Greater
Servant of Makhleb, Renounce Religion, Evoke Berserk Rage


You were on level 6 of the Lair of Beasts.
You worshipped Makhleb.
Makhleb was extremely pleased with you.
You were not hungry.

You visited 3 branches of the dungeon, and saw 18 of its levels.

You collected 1013 gold pieces.
You spent 322 gold pieces at shops.

Inventory:

Hand Weapons
 a - a +4 battleaxe (weapon)
 b - a +3 morningstar of freezing
Armour
 f - a +2 cloak of magic resistance (worn)
 m - a +0 plate armour (worn)
 r - a +0 pair of boots (worn)
 s - a +0 pair of gloves (worn)
Jewellery
 e - an uncursed ring of protection from fire
 l - an amulet of rage (around neck)
 n - a ring of poison resistance (left hand)
 t - the ring of Kyorph {Ice rPois rN+ Int+3 Dex+3}
   (You took it off a wight on level 8 of the Dungeon)

   [ring of ice]

   It enhances your ice magic.
   It affects your intelligence (+3).
   It affects your dexterity (+3).
   It makes you vulnerable to fire.
   It protects you from cold.
   It protects you from poison.
   It protects you from negative energy.
 u - an uncursed ring of flight
 w - an uncursed ring of protection from cold
 I - a ring of see invisible (right hand)
Wands
 A - a wand of digging (16/24)
 D - a wand of digging (13/24)
 F - a wand of clouds (3/9)
Scrolls
 c - 6 scrolls of teleportation
 h - 6 scrolls of fog
 i - 3 scrolls of enchant weapon
 k - 3 scrolls of remove curse
 o - 5 scrolls of identify
 p - 4 scrolls of recharging
 y - 2 scrolls of fear
 B - a scroll of magic mapping
Potions
 d - 11 potions of curing
 j - 5 potions of haste
 x - a potion of agility
 z - a potion of brilliance
 C - 2 potions of heal wounds
 E - a potion of might
 G - a potion of mutation
Comestibles
 g - 13 bread rations
 q - 8 meat rations
 v - 4 royal jellies
 H - a chunk of flesh


   Skills:
 + Level 12.5 Fighting
   Level 2.1 Short Blades
 * Level 15.9 Axes
 - Level 2.5(11.0) Maces & Flails
 - Level 2.0 Throwing
 + Level 11.1 Armour
 + Level 10.7 Dodging
 - Level 3.2 Stealth
 + Level 7.8 Invocations


You had 12 spell levels left.
You didn't know any spells.

Dungeon Overview and Level Annotations

Branches:
Dungeon (11/15)            Temple (1/1) D:6            Lair (6/6) D:11
  Swamp (0/4) Lair:3        Snake (0/4) Lair:3
  Slime: Lair:5-6       Orc: D:9-12

Altars:
Ashenzari
Cheibriados
Dithmenos
Elyvilon
Fedhas
Gozag
Hepliaklqana
Kikubaaqudgha
Makhleb
Nemelex Xobeh
Okawaru
Qazlal
Ru
Sif Muna
Trog
Uskayaw
Vehumet
Xom
Yredelemnul
Zin
The Shining One

Shops:
D:7 [

Annotations:
Lair:3 exclusion: obsidian statue
Lair:4 Sonja


Innate Abilities, Weirdness & Mutations

You reflexively headbutt those who attack you in melee.
You have a pair of large horns on your head.
You are surrounded by a mild repulsion field. (EV +2)
You are partially covered in rugged brown scales. (AC +1, +3% HP)


Message History

Makhleb accepts your kill.
You feel better.
You slash the spiny frog! The spiny frog closely misses you.
The vampire mosquito completely misses you.
Unknown command.
You fail to use your ability.
You feel sick.
The vampire mosquito completely misses you.
The spiny frog stings you!
* * * LOW HITPOINT WARNING * * *
The spiny frog barely misses you. The vampire mosquito bites you.
* * * LOW HITPOINT WARNING * * *
The vampire mosquito draws strength from your injuries!
A komodo dragon comes into view.
Huge Dmg: -10%(-12hp) hp: 8%(9hp)
You fail to use your ability.
The komodo dragon hisses angrily.
The vampire mosquito bites you.
* * * LOW HITPOINT WARNING * * *
The vampire mosquito draws strength from your injuries!
The spiny frog stings you!
You die...

##..# .. #...## ...
#....# ...# #....##
....# ##...PP#####P.
....≈##.P........#PP
...≈P...P.........PP
.≈≈P...FF..........P
...P..≈y@.<.........
≈..≈≈..F#.......#.
≈≈≈..≈..#.....###
≈≈≈≈≈≈..#.....##
≈≈≈≈≈#####.....##P..
..### #.†........ #
#.†........
#l..........
.........?...


You could see a komodo dragon, 3 spiny frogs and a vampire mosquito.

Vanquished Creatures
  Josephine (Lair:4)
  4 hydras
  2 two-headed ogres (D:8)
  5 death yaks (Lair:3)
  Urug (Lair:3)
  A necromancer (Lair:3)
  2 black mambas
  Joseph (D:8)
  5 elephants (Lair:3)
  16 spiny frogs
  A rime drake (Lair:3)
  5 komodo dragons
  2 gargoyles
  A hornet (D:10)
  A polar bear (Lair:3)
  13 blink frogs
  3 hippogriffs
  Eustachio (D:6)
  4 wyverns
  The ghost of ThePrince the Covered, an amateur MiFi (D:3)
  16 yaks
  3 wraiths (Lair:4)
  3 vampire mosquitoes (Lair:6)
  4 nagas (Lair:3)
  2 hell hounds (D:11)
  8 water moccasins
  8 porcupines
  5 orc warriors
  5 ice beasts
  3 sky beasts
  3 phantoms
  5 wolves (Lair:1)
  14 ogres
  4 centaurs
  8 crocodiles
  2 big kobolds
  12 bullfrogs
  A wyvern skeleton (D:8)
  A scorpion (D:7)
  18 killer bees
  14 wights
  An electric eel (Lair:3)
  7 howler monkeys
  3 crimson imps
  A quasit (D:8)
  9 hounds
  2 jellies
  A gnoll shaman (D:6)
  8 orc priests
  3 bullfrog skeletons
  A centaur skeleton (D:4)
  Terence (D:2)
  Crazy Yiuf (D:2)
  4 iguanas
  11 orc wizards
  6 worker ants
  3 yak simulacra (Lair:3)
  A polar bear simulacrum (Lair:3)
  A killer bee zombie (D:6)
  4 wolf simulacra (Lair:3)
  A worker ant zombie (D:7)
  A howler monkey zombie (D:9)
  Robin (D:2)
  16 gnolls
  A howler monkey skeleton (D:6)
  20 adders
  3 shadow imps
  3 oozes (D:2)
  2 adder zombies
  4 worms
  2 dart slugs (D:1)
  6 leopard geckos
  58 orcs
  6 giant cockroaches
  14 goblins
  13 hobgoblins
  9 jackals
  23 kobolds
  3 quokkas
  A ball python (D:6)
  3 bats
  3 frilled lizards
  A quokka skeleton (D:7)
  A quokka zombie (D:6)
  5 rats
  3 river rat simulacra (Lair:3)
  A plant (Lair:3)
481 creatures vanquished.

Vanquished Creatures (collateral kills)
  A plant (Lair:4)
1 creature vanquished.

Vanquished Creatures (others)
  3 fungi
  8 plants (Lair:6)
11 creatures vanquished.

Grand Total: 493 creatures vanquished

Notes
Turn   | Place    | Note
-------+----------+-------------------------------------------
     0 | D:1      | Monsterracer the Minotaur Assassin began the quest for the Orb.
     0 | D:1      | Reached XP level 1. HP: 18/18 MP: 0/0
   114 | D:1      | Reached XP level 2. HP: 22/26 MP: 1/1
   144 | D:1      | Gained mutation: You evolve. [potion of mutation]
   144 | D:1      | Gained mutation: You are surrounded by a mild repulsion field. (EV +2) [potion of mutation]
   675 | D:2      | Reached XP level 3. HP: 32/34 MP: 2/2
   923 | D:2      | Reached skill level 5 in Fighting
   927 | D:2      | Reached XP level 4. HP: 20/42 MP: 3/3
  1185 | D:2      | Noticed Robin
  1201 | D:2      | Reached skill level 1 in Armour
  1246 | D:2      | Gained mutation: You have a pair of large horns on your head. [evolution]
  1266 | D:2      | Noticed Terence
  1298 | D:2      | Killed Terence
  1298 | D:2      | Reached XP level 5. HP: 29/50 MP: 4/4
  1311 | D:2      | Killed Robin
  1529 | D:2      | Found a runed door.
  1533 | D:2      | Noticed Crazy Yiuf
  1539 | D:2      | Killed Crazy Yiuf
  1539 | D:2      | Reached skill level 1 in Maces & Flails
  1637 | D:2      | Found a shadowy altar of Dithmenos.
  1646 | D:2      | Found a sparkling altar of Nemelex Xobeh.
  1961 | D:2      | Reached XP level 6. HP: 48/57 MP: 3/5
  2035 | D:3      | Reached skill level 1 in Axes
  2041 | D:3      | Reached skill level 2 in Axes
  2275 | D:3      | Found a white marble altar of Elyvilon.
  2352 | D:3      | Noticed ThePrince's ghost (amateur MiFi)
  2360 | D:3      | Killed ThePrince's ghost
  2360 | D:3      | Reached skill level 4 in Axes
  2360 | D:3      | Reached XP level 7. HP: 64/64 MP: 6/6
  2701 | D:3      | Reached skill level 5 in Axes
  3298 | D:4      | Reached skill level 6 in Axes
  3643 | D:4      | Reached XP level 8. HP: 73/73 MP: 7/7
  3719 | D:4      | Gained mutation: You are partially covered in rugged brown scales. (AC +1, +3% HP) [evolution]
  3955 | D:5      | Entered Level 5 of the Dungeon
  3981 | D:5      | Reached skill level 7 in Axes
  4379 | D:6      | Reached skill level 8 in Axes
  4705 | D:5      | Reached skill level 5 in Dodging
  4742 | D:5      | Found a glowing golden altar of the Shining One.
  4991 | D:6      | Reached skill level 5 in Armour
  4991 | D:6      | Reached XP level 9. HP: 71/83 MP: 8/8
  5132 | D:6      | Noticed Eustachio
  5137 | D:6      | Lost mutation: You evolve. [end of evolution]
  5143 | D:6      | Killed Eustachio
  5149 | D:6      | Reached skill level 9 in Axes
  5225 | D:6      | Found a staircase to the Ecumenical Temple.
  5311 | Temple   | Entered the Ecumenical Temple
  5483 | Temple   | Became a worshipper of Makhleb the Destroyer
  6410 | D:7      | Reached skill level 1 in Invocations
  6674 | D:7      | Found Qeqick's Armour Shop.
  6933 | D:7      | Reached * piety under Makhleb
  6933 | D:7      | Reached skill level 10 in Axes
  7115 | D:7      | Reached XP level 10. HP: 75/93 MP: 10/10
  7642 | D:7      | Bought a +2 cloak of magic resistance for 322 gold pieces
  7673 | D:8      | Noticed Joseph
  7697 | D:8      | Killed Joseph
  7701 | D:8      | Reached ** piety under Makhleb
  7895 | D:8      | Reached skill level 11 in Axes
  7956 | D:8      | Found a snail-covered altar of Cheibriados.
  8052 | D:8      | Got a shimmering steel ring
  8209 | D:8      | Noticed a two-headed ogre
  8217 | D:8      | Killed a two-headed ogre
  8521 | D:8      | Noticed a two-headed ogre
  8529 | D:8      | Killed a two-headed ogre
  8529 | D:8      | Reached skill level 10 in Fighting
  8529 | D:8      | Reached XP level 11. HP: 101/101 MP: 13/13
  8633 | D:9      | Reached *** piety under Makhleb
  8639 | D:9      | Reached skill level 12 in Axes
  8654 | D:9      | Got a slimy pewter ring
  8655 | D:9      | Identified the ring of Kyorph {Ice rPois rN+ Int+3 Dex+3} (You took it off a wight on level 8 of the Dungeon)
  8656 | D:9      | Identified the ring "Zoum" {Str+5 Dex+2} (You found it on level 9 of the Dungeon)
  9288 | D:10     | Entered Level 10 of the Dungeon
  9427 | D:9      | Found a glowing silver altar of Zin.
  9605 | D:10     | Reached **** piety under Makhleb
 10195 | D:11     | Found a staircase to the Lair.
 10284 | Lair:1   | Entered Level 1 of the Lair of Beasts
 10303 | Lair:1   | Reached skill level 5 in Invocations
 10582 | Lair:1   | Reached skill level 13 in Axes
 10696 | Lair:1   | Noticed a five-headed hydra
 10700 | Lair:1   | Killed a five-headed hydra
 11003 | Lair:2   | Noticed a seven-headed hydra
 11566 | Lair:2   | Killed a seven-headed hydra
 11566 | Lair:2   | Reached XP level 12. HP: 113/113 MP: 15/15
 11987 | Lair:2   | Noticed a six-headed hydra
 11990 | Lair:2   | Killed a six-headed hydra
 12102 | Lair:3   | Reached skill level 14 in Axes
 12402 | Lair:3   | Noticed a four-headed hydra
 12408 | Lair:3   | Killed a four-headed hydra
 12538 | Lair:3   | Noticed a death yak
 12539 | Lair:3   | Noticed a death yak
 12540 | Lair:3   | Noticed Urug
 12540 | Lair:3   | Noticed a death yak
 12541 | Lair:3   | Noticed a death yak
 12542 | Lair:3   | Noticed a death yak
 12547 | Lair:3   | Killed a death yak
 12552 | Lair:3   | Killed a death yak
 12553 | Lair:3   | Killed Urug
 12559 | Lair:3   | Killed a death yak
 12559 | Lair:3   | Reached skill level 10 in Armour
 12561 | Lair:3   | Killed a death yak
 12567 | Lair:3   | Killed a death yak
 12647 | Lair:3   | Reached skill level 10 in Dodging
 12734 | Lair:3   | Reached ***** piety under Makhleb
 12785 | Lair:3   | Found a staircase to the Swamp.
 12987 | Lair:3   | Reached XP level 13. HP: 111/121 MP: 17/17
 12995 | Lair:3   | Found a staircase to the Snake Pit.
 13408 | Lair:4   | Reached skill level 15 in Axes
 13454 | Lair:4   | Noticed Josephine
 13465 | Lair:4   | Killed Josephine
 13484 | Lair:4   | Noticed Sonja
 15392 | Lair:6   | Entered Level 6 of the Lair of Beasts
 15470 | Lair:6   | HP: 6/122 [vampire mosquito (3)]
 15470 | Lair:6   | Mangled by a spiny frog

Skill      XL: |  1  2  3  4  5  6  7  8  9 10 11 12 13 |
---------------+----------------------------------------+-----
Fighting       | 3 4 5 6 7 8 9 10 11 12 | 12.5
Armour         | 1 2 3 5 6 7 9 10 11 | 11.1
Dodging        | 2 3 5 6 7 9 10 | 10.7
Maces & Flails | 2 |  2.5
Axes           | 4 6 8 10 11 13 14 15 | 15.9
Invocations    | 2 4 5 7 |  7.8
Short Blades   | |  2.1
Throwing       | |  2.0
Stealth        | |  3.2

Action                   |  1- 3 |  4- 6 |  7- 9 | 10-12 | 13-15 || total
-------------------------+-------+-------+-------+-------+-------++-------
Melee: Dagger            |    81 |    64 |       |       |       ||   145
       Headbutt          |    11 |    22 |    68 |   114 |    33 ||   248
       Mace              |       |    35 |     1 |       |       ||    36
       War axe           |       |    35 |   226 |       |       ||   261
       Broad axe         |       |       |   154 |       |       ||   154
       Battleaxe         |       |       |     1 |   512 |   151 ||   664
       Morningstar       |       |       |       |     8 |       ||     8
 Fire: Blowgun           |       |     6 |       |       |       ||     6
Invok: Minor Destruction |       |       |       |     3 |     3 ||     6
       Lesser Servant of |       |       |       |       |     3 ||     3
       Major Destruction |       |       |       |       |     1 ||     1
 Abil: Evoke Berserk Rag |       |     1 |     3 |     8 |     4 ||    16
       Evoke Flight      |       |       |       |       |     1 ||     1
  Use: Potion            |     4 |     1 |     4 |     2 |       ||    11
       Scroll            |       |       |     8 |    10 |     1 ||    19
 Stab: Sleeping          |     2 |     2 |     5 |       |       ||     9
  Eat: Chunk             |       |     5 |    13 |    19 |     7 ||    44
       Fruit             |       |       |     4 |       |       ||     4
       Meat ration       |       |       |     1 |       |       ||     1
       Bread ration      |       |       |       |     1 |     1 ||     2
Armor: Ring mail         |    12 |    62 |    48 |       |       ||   122
       Robe              |     2 |       |       |       |       ||     2
       Plate armour      |       |       |   131 |   364 |    96 ||   591
       Scale mail        |       |       |     8 |       |       ||     8
Dodge: Dodged            |    35 |   113 |   232 |   320 |   135 ||   835
